 Dungeon Crawl Stone Soup version 0.31-a0-740-g87205ac768 (webtiles) character file.

Game seed: 5025416673836989156

55 ytrimaz the Insei (level 3, -6/27 HPs)
             Began as a Demigod Shapeshifter on Sept 12, 2023.
             Mangled by a kobold
             ... wielding a +2 short sword of electrocution
              (11 damage)
             ... on level 2 of the Dungeon.
             The game lasted 00:01:44 (1487 turns).

ytrimaz the Insei (Demigod Shapeshifter)            Turns: 1487, Time: 00:01:44

Health: -6/27      AC:  2    Str: 15    XL:     3   Next: 45%
Magic:  0/5        EV: 12    Int: 12    God:
Gold:   78         SH:  0    Dex: 17    Spells: 2/2 levels left

rFire   . .          .
                       - Unarmed
rCold   . . .        (no shield)
rNeg    . . .        a - +0 animal skin
rPois   .            (helmet currently unavailable)
rElec   .            (cloak currently unavailable)
rCorr   .            (gloves currently unavailable)
SInv    .            (boots currently unavailable)
Will    .....        l - amulet of guardian spirit
Stlth   ++           (no ring)
HPRegen 0.24/turn    (no ring)
MPRegen 0.09/turn

%: guardian spirit
@: beast-form
A: beast (slay +1), high MP 1, forlorn, divine attributes
a: Begin Untransformation


You were on level 2 of the Dungeon.
You were a hulking beast.
You visited 1 branch of the dungeon, and saw 2 of its levels.

You collected 78 gold pieces.


Innate Abilities, Weirdness & Mutations

You are a hulking beast.
Your limbs bulge with bestial killing power. (Slay +1)
You have an increased reservoir of magic. (+10% MP)
You shall have no god before yourself.
Your divine heritage dramatically boosts your attributes as you level up.


   Skills:
 - Level 0.8 Fighting
 - Level 1.7 Dodging
 + Level 3.5 Unarmed Combat
 + Level 3.4 Shapeshifting


You had 2 spell levels left.
You didn't know any spells.
Your spell library was empty.

Inventory:

Armour
 a - a +0 animal skin (worn)
 p - a +0 cloak
   (You found it on level 1 of the Dungeon)
Jewellery
 l - an amulet of guardian spirit (around neck)
   (You found it on level 1 of the Dungeon)
Talismans
 c - a beast talisman (active)
 d - a flux talisman
Scrolls
 e - a scroll of poison {unknown}
 f - 3 scrolls of identify {unknown}
 j - a scroll of fear {unknown}
 k - a scroll of blinking {unknown}
 o - a scroll of immolation {unknown}
Potions
 g - a potion of attraction {unknown}
 h - 2 potions of heal wounds {unknown}
 i - a potion of haste {unknown}
 m - a potion of ambrosia {unknown}
 n - a potion of magic {unknown}
 q - a potion of degeneration {unknown}
 r - a potion of cancellation {unknown}
 s - a potion of curing {unknown}

Dungeon Overview and Level Annotations

Branches:
Dungeon (2/15) Zot: 10518

####
P..P..♣♣P.P#...######.
♣PP.♣.♣♣♣.P#.#........
♣.P....♣♣÷..........#.
♣♣♣♣...♣÷♣♣♣..........
..P♣♣.....♣♣..#.......
P....♣♣.PP.♣♣.#.#<....
.P....P♣..PP..#.#...#.
##♣♣♣♣..♣..KP♣♣§P.#.......
###.♣P♣♣♣....h.♣§♣♣.###
.###
####....P♣P....#..P♣♣..#
...#.##..♣P♣.....§P§....
##...##.....♣#...#§♣..##
###.##P♣♣........§♣.##
#....P♣♣.♣.._..P..#
##.♣.♣♣............#
#..♣..P..#...#P♣.$#
#.♣♣.♣.♣.....).♣..#


You could see a kobold.


Message History

😨 HP[+1] Unknown command.
You hit the hobgoblin.
The hobgoblin hits you but does no damage.
You barely miss the hobgoblin.
The hobgoblin hits you but does no damage.
Unknown command.
You smack the hobgoblin!
You kill the hobgoblin!
You cannot move.
You start resting.
A rat comes into view. 😨 HP[+2]
You regained 2 hp, and now have 17/40 hp.
Unknown command.
A rat is nearby!
A rat is nearby!
Unknown command.
You cannot move.
The rat bites the plant.
The plant begins to die.
The rat bites the plant. 😨 MP[+1]
The rat bites the plant. 😨 HP[+1]
The rat bites the plant.
The rat bites the plant.
Unknown command.
A nearby plant withers and dies. 😨 HP[+1] Unknown command.
Unknown command.
Your transformation is almost over. 😨 HP[+1]
A quokka comes into view.
Unknown command.
You smack the rat!
You kill the rat!
You cannot move.
Unknown command.
You cannot move.
A quokka is nearby!
Unknown command. 😨 MP[+1] 😮 HP[+1]
The quokka bites you but does no damage.
Unknown command.
You barely miss the quokka.
The quokka bites you but does no damage. 😮 HP[+1]
You hit the quokka.
You feel less wooden.
Your +0 animal skin unmelds from your body.
You turn into a hulking beast.
The quokka barely misses you. 😮 HP[-7]
You now have 27 max hp (-13).
Unknown command.
You closely miss the quokka. The quokka barely misses you.
The quokka bites you. 😮 HP[-1]
You take 1 damage, and now have 14/27 hp.
You hit the quokka.
You kill the quokka!
Unknown command.
Unknown command.
Key pressed, stopping explore.
A kobold comes into view.
It is wielding a +2 short sword of electrocution. 😎 HP[+13] MP[+2]
Your hp is fully restored (27).
Your mp is fully restored (5).
A kobold is nearby!
A kobold is nearby!
A kobold is nearby!
No reachable target in view!
No target in view!
No target in view!
Something hits the plant.
Lightning courses through the plant!
No target in view!
Something hits the plant.
No target in view!
No reachable target in view!
No reachable target in view!
You closely miss the kobold. The kobold closely misses you.
Unknown command.
You completely miss the kobold.
The kobold hits you with a +2 short sword of electrocution. 😕 HP[-1]
You take 1 damage, and now have 26/27 hp.
You barely miss the kobold.
The kobold hits you with a +2 short sword of electrocution.
You are electrocuted!!
Ouch! That really hurt!
* * * LOW HITPOINT WARNING * * *
😨 HP[-18] MP[-4]
You take 18 damage, and now have 8/27 hp.
MASSIVE DAMAGE!! (PAUSE)
You lost 4 mp, and now have 1/5 mp.
You completely miss the kobold.
The kobold hits you with a +2 short sword of electrocution.
* * * LOW HITPOINT WARNING * * *
You are electrocuted!
You die...

Skill      XL: |  1 |
---------------+----+-----
Unarmed Combat | 3 |  3.5
Shapeshifting  | 3 |  3.4
Fighting       | |  0.8
Dodging        | |  1.7

Action                     || total
---------------------------++-------
  Melee: Unarmed           ||   106
         Punch             ||     3
    Use: Potion            ||     1
   Stab: Sleeping          ||     3
 Armour: Animal skin       ||    32
         Skin              ||     9
  Dodge: Dodged            ||    50

Levels and vault maps discovered:
D:1:      evilmike_arrival_hilbert_curve, layout_loops_corners
D:2:      wad_woods_stonehenge, layout_basic

Notes
Turn   | Place    | Note
-------+----------+-------------------------------------------
     0 | D:1      | ytrimaz the Demigod Shapeshifter began the quest for the
                  | Orb.
     0 | D:1      | Reached XP level 1. HP: 15/15 MP: 3/3
     0 | D:1      | magus.rc [v1.9.6]
   361 | D:1      | Reached skill level 3 in Unarmed Combat
   412 | D:1      | Reached skill level 3 in Shapeshifting
   412 | D:1      | Reached XP level 2. HP: 16/22 MP: 4/4
  1250 | D:2      | Reached XP level 3. HP: 21/27 MP: 3/5
  1487 | D:2      | HP: 5/27 [kobold/+2 short sword of electrocution (4)]
  1487 | D:2      | Mangled by a kobold

Vanquished Creatures
  An adder (D:2)
  A worm (D:2)
  2 bats (D:2)
  4 endoplasms
  3 giant cockroaches (D:1)
  A goblin (D:1)
  6 hobgoblins
  6 jackals
  2 quokkas (D:2)
  4 ball pythons
  A frilled lizard (D:1)
  A kobold (D:1)
  5 rats
37 creatures vanquished.

Table legend:
 A = Non-vault XP
 B = Vault XP
 C = Vault XP percentage of total XP
 D = Non-vault monster count
 E = Vault monster count
 F = Vault count percentage of total count
                 A         B        C        D         E       F
            +---------+---------+-------+---------+---------+-------
      Total |      69 |      10 |  12.7 |      33 |       4 |  10.8
            +---------+---------+-------+---------+---------+-------
        D:1 |      38 |       0 |   0.0 |      22 |       0 |   0.0
        D:2 |      31 |      10 |  24.4 |      11 |       4 |  26.7
            +---------+---------+-------+---------+---------+-------

Skill      XL: |  1 |
---------------+----+-----
Unarmed Combat | 3 |  3.5
Shapeshifting  | 3 |  3.4
Fighting       | |  0.8
Dodging        | |  1.7

Action                     || total
---------------------------++-------
  Melee: Unarmed           ||   106
         Punch             ||     3
    Use: Potion            ||     1
   Stab: Sleeping          ||     3
 Armour: Animal skin       ||    32
         Skin              ||     9
  Dodge: Dodged            ||    50

Illustrated notes

Table legend:
 A = Kills in this place as a percentage of kills in the entire game.
 B = Kills by you in this place as a percentage of kills by you in the entire game.
 C = Kills by friends in this place as a percentage of kills by friends in the entire game.
 D = Other kills in this place as a percentage of other kills in the entire game.
 E = Experience gained in this place as a percentage of experience gained in the entire game.
 F = Experience gained in this place divided by the number of levels of this place that you have seen.
                   A       B       C       D       E      F
               +-------+-------+-------+-------+-------+----------------------
         Total | 100.0 | 100.0 |   N/A |   N/A | 100.0 |  39.5
       Dungeon | 100.0 | 100.0 |   N/A |   N/A | 100.0 |  39.5
               +-------+-------+-------+-------+-------+----------------------

Table legend: (Time is in decaauts)
 A = Elapsed time spent in this place.
 B = Non-inter-level travel time spent in this place.
 C = Inter-level travel time spent in this place.
 D = Time resting spent in this place.
 E = Time spent auto-exploring this place.
 F = Levels seen in this place.
 G = Mean time per level.
                   A        B        C        D        E       F      G
               +--------+--------+--------+--------+--------+-----+--------+
         Total |   1480 |   1422 |     58 |      6 |   1140 |   2 |  740.0 |
       Dungeon |   1480 |   1422 |     58 |      6 |   1140 |   2 |  740.0 |
               +--------+--------+--------+--------+--------+-----+--------+

Top non-repeatable levels by time:
     D:1: 1180 daAuts
     D:2: 299 daAuts
